Map: Magannatha LE

Players

Serral - Winner!

  • Race: Zerg Zerg
  • Spawn Location: 11:00

Classic

  • Race: Protoss Protoss
  • Spawn Location: 5:00

Event: DreamHack Dallas 2025

VOD

Have the link to the VOD?

Description

Time

  • Played on: May 25, 2025, 11:09 a.m.
  • Length: 11:46

All games in this series

Show
View Real Time Build Order
Export as new Build Order

Serral Zerg - Winner!

Build Orders: Hatch First 

Get SALT Encoding   

  12  0:00  Drone  
  13  0:08  Drone  
  13  0:13  Extractor  
  13  0:14  Drone  
  15  0:21  Overlord  
  15  0:41  Drone  
  16  0:45  Hatchery  
  16  0:49  Drone  
  16  0:52  Drone  
  16  0:56  Drone  
  18  1:07  Extractor  
  17  1:11  Spawning Pool  
  17  1:14  Drone  
  17  1:17  Drone  
  18  1:27  Drone  
  19  1:37  Drone  
  20  1:59  Queen x2  
  24  2:02  Zergling x2  
  25  2:09  Overlord  
  25  2:12  Drone  
  26  2:16  Drone  
  26  2:20  Drone  
  28  2:28  Drone  
  28  2:29  Drone x2  
  31  2:31  Drone  
  32  2:47  Hatchery  
  32  2:49  Metabolic Boost  
  31  2:53  Overlord  
  31  2:55  Drone  
  31  2:56  Drone  
  33  3:06  Drone x3  
  33  3:08  Overlord  
  36  3:13  Drone x3  
  36  3:15  Drone  
  36  3:17  Drone  
  36  3:19  Drone  
  42  3:26  Queen  
  44  3:31  Queen  
  46  3:35  Overlord  
  46  3:38  Zergling x4  
  48  3:43  Overlord  
  48  3:45  Zergling x2  
  48  3:46  Zergling x4  
  51  3:49  Zergling x2  
  52  3:57  Zergling x4  
  52  4:02  Drone  
  57  4:03  Queen  
  57  4:04  Drone  
  57  4:08  Drone  
  59  4:13  Drone x7  
  66  4:18  Overlord  
  66  4:22  Drone x2  
  68  4:25  Lair  
  68  4:26  Spore Crawler  
  68  4:29  Spore Crawler  
  68  4:31  Drone  
  67  4:36  Zergling x4  
  66  4:40  Drone  
  66  4:42  Zergling x2  
  66  4:45  Drone x5  
  71  4:46  Roach Warren  
  71  4:47  Drone  
  71  4:50  Overlord  
  71  4:51  Drone  
  72  4:53  Overlord  
  72  4:56  Extractor  
  72  4:57  Extractor  
  72  4:58  Zergling x2  
  72  4:59  Drone x2  
  73  5:04  Overlord  
  73  5:07  Overlord  
  73  5:09  Overlord  
  73  5:16  Drone x2  
  73  5:17  Drone  
  73  5:20  Extractor  
  75  5:22  Drone x3  
  75  5:24  Extractor  
  75  5:25  Evolution Chamber  
  75  5:28  Glial Reconstitution  
  76  5:31  Roach x4  
  76  5:34  Hatchery, Roach x2  
  87  5:42  Overlord  
  87  5:44  Roach x3  
  87  5:48  Drone  
  87  5:49  Drone  
  94  5:50  Zerg Missile Weapons Level 1  
  94  5:51  Overlord  
  94  5:54  Overlord  
  94  5:56  Roach x2  
  98  5:58  Overlord  
  98  6:03  Overlord  
  97  6:05  Roach x3  
  97  6:10  Roach  
  97  6:11  Roach  
  106  6:18  Roach x2  
  106  6:19  Roach  
  106  6:25  Roach x4  
  118  6:28  Roach  
  116  6:34  Roach x4  
  116  6:38  Queen  
  116  6:43  Roach  
  116  6:44  Roach x3  
  112  6:47  Roach x2  
  112  6:51  Roach x2  
  112  6:53  Queen  
  115  6:58  Queen  
  110  7:07  Pneumatized Carapace  
  110  7:11  Roach x5  
  120  7:19  Queen  
  121  7:27  Roach x4  
  121  7:29  Queen  
  131  7:34  Queen  
  133  7:40  Roach x3  
  139  7:45  Overlord  
  139  7:47  Roach  
  139  7:48  Roach  
  143  7:55  Roach x4  
  151  8:00  Overlord  
  151  8:02  Overseer  
  149  8:09  Roach  
  149  8:10  Roach x2  
  155  8:16  Overlord, Ravager x5  
  155  8:19  Overlord  
  160  8:25  Roach x3  
  164  8:30  Roach  
  164  8:31  Roach  
  168  8:37  Roach x3  
  174  8:45  Baneling Nest  
  174  8:47  Drone  
  174  8:48  Drone x6  
  180  8:57  Drone x4  
  180  9:00  Overlord  
  180  9:01  Overlord  
  188  9:02  Roach x2  
  188  9:04  Overlord  
  188  9:08  Overlord  
  188  9:13  Overlord  
  188  9:16  Zerg Missile Weapons Level 2  
  188  9:21  Zergling x10  
  193  9:24  Overseer  
  193  9:30  Zergling x8  
  193  9:31  Zergling x2  
  198  9:34  Centrifugal Hooks  
  198  9:35  Baneling x2  
  198  9:42  Baneling x10  
  198  9:46  Zergling x8  
  198  9:51  Zergling x16  
  193  9:55  Baneling  
  193  9:56  Baneling x9  
  193  9:58  Roach  
  191  10:04  Zergling x2  
  191  10:05  Zergling x12  
  188  10:16  Zergling x18  
  188  10:19  Zergling x2  
  188  10:20  Zergling x2  
  179  10:26  Roach x5  
  162  10:32  Roach x4  
  162  10:35  Zergling x6  
  149  10:43  Infestation Pit  
  149  10:45  Baneling x14  
  149  10:46  Baneling  
  148  10:50  Roach x2  
  148  10:55  Zergling x10  
  148  10:56  Zergling x2  
  156  10:57  Zergling x2  
  156  11:03  Zergling x10  
  162  11:13  Zergling x20  
  164  11:20  Zergling x12  
  164  11:24  Baneling  
  164  11:25  Baneling x6  
  165  11:29  Drone  
Show
View Real Time Build Order
Export as new Build Order

Classic Protoss 

Build Orders: Forge Fast Expand (FFE), Chargelot Immortal 

Get SALT Encoding   

  12  0:00  Probe  
  13  0:12  Probe  
  14  0:17  Pylon  
  14  0:24  Probe  
  15  0:33  Probe  
  15  0:38  Forge  
  15  0:41  Probe  
  17  0:50  Probe  
  18  1:16  Pylon  
  18  1:21  Nexus  
  18  1:29  Probe  
  18  1:32  Gateway  
  18  1:36  Assimilator  
  18  1:37  Probe  
  20  1:49  Probe, Photon Cannon  
  21  1:56  Assimilator  
  21  2:01  Probe  
  21  2:05  Pylon  
  22  2:13  Probe  
  23  2:19  Cybernetics Core  
  25  2:24  Probe  
  25  2:29  Probe  
  26  2:32  Probe  
  28  2:37  Probe  
  28  2:40  Probe  
  27  2:47  Probe  
  29  2:52  Probe  
  29  2:55  Stargate, Adept  
  29  2:57  Warp Gate  
  32  2:59  Probe  
  32  3:04  Probe  
  34  3:11  Pylon, Probe  
  35  3:17  Probe  
  36  3:24  Probe  
  36  3:25  Adept  
  39  3:29  Probe  
  39  3:33  Pylon  
  40  3:34  Void Ray  
  40  3:36  Probe  
  40  3:41  Probe  
  46  3:51  Probe  
  46  3:54  Pylon, Nexus  
  47  3:59  Twilight Council  
  47  4:01  Protoss Ground Weapons Level 1  
  47  4:10  Probe x2  
  49  4:22  Robotics Facility  
  49  4:23  Probe x2  
  51  4:30  Charge  
  51  4:33  Shield Battery  
  51  4:37  Probe  
  52  4:45  Nexus  
  52  4:47  Zealot  
  52  4:49  Assimilator  
  52  4:52  Assimilator  
  54  5:00  Gateway  
  54  5:01  Gateway  
  54  5:02  Gateway  
  54  5:04  Gateway  
  54  5:05  Warp Prism  
  54  5:06  Gateway  
  54  5:07  Gateway  
  54  5:13  Gateway  
  56  5:20  Pylon  
  56  5:21  Probe x2  
  56  5:23  Pylon  
  56  5:26  Sentry  
  59  5:33  Probe x2  
  59  5:34  Pylon  
  61  5:37  Pylon  
  61  5:48  Probe x2  
  62  6:05  Zealot x6  
  62  6:06  Zealot  
  62  6:10  Zealot  
  78  6:20  Pylon  
  78  6:25  Immortal, Zealot x5  
  80  6:26  Zealot x2  
  78  6:34  Zealot  
  75  6:43  Zealot x2  
  75  6:45  Zealot x2  
  75  6:46  Zealot x3  
  79  6:53  Probe x3  
  74  6:55  Immortal  
  66  7:05  Probe x3  
  66  7:08  Pylon  
  73  7:12  Protoss Ground Armor Level 1  
  73  7:13  Zealot x3  
  79  7:21  Probe  
  81  7:22  Probe  
  81  7:24  Probe  
  82  7:39  Probe x2  
  82  7:41  Zealot x7  
  82  7:42  Zealot  
  100  7:46  Immortal  
  100  7:48  Pylon  
  100  7:54  Assimilator  
  104  8:08  Zealot x4  
  104  8:10  Sentry, Zealot x3  
  104  8:12  Pylon  
  120  8:18  Probe x3  
  123  8:20  Immortal  
  127  8:35  Pylon  
  127  8:37  Pylon  
  127  8:38  Pylon  
  127  8:39  Zealot  
  127  8:40  Zealot  
  127  8:41  Zealot  
  125  8:45  Zealot x3  
  131  8:50  Zealot  
  131  8:54  Warp Prism  
  133  8:55  Pylon  
  133  8:57  Pylon  
  133  9:01  Pylon  
  133  9:10  Sentry x2, Zealot x4  
  133  9:13  Sentry  
  147  9:17  Assimilator  
  147  9:18  Zealot  
  149  9:31  Sentry  
  149  9:32  Sentry, Zealot x2  
  149  9:36  Zealot x3  
  163  9:42  Zealot  
  165  9:51  Observer  
  164  9:58  Zealot x7  
  178  10:02  Pylon  
  122  10:21  Zealot x8  
  100  10:32  Immortal  
  78  10:40  Nexus  
  72  10:44  Sentry x2, Zealot x2  
  72  10:45  Zealot x2  
  72  10:46  Sentry  
  72  10:48  Sentry  
  88  11:05  Zealot  
  88  11:06  Zealot x3  
  88  11:09  Zealot x3  
  70  11:27  Probe x3, Zealot  
  70  11:28  Zealot x4  
  70  11:31  Zealot x3  
Tags
 
Add a new tag
Caveats
  • Supply blocks, unpowered buildings, or Contaminate may cause inaccurate times.
  • Supply counts are checked every 10 seconds.